AoeStats
← Miguelastico93

Arabia

509672494Analyzed
1v1 RM · 6d ago on Sep 27, 2026· 29m 11s· 2 players
Game mode
Random Map
Map size
Tiny (2 player)
Population
200
Speed
Normal
Resources
Standard
Victory
Conquest
Starting age
Dark Age
Ending age
Imperial Age
RankedLock teamsTeams togetherTeam positionsShared explorationLock speedFull tech treeHidden civsTurbo modeCheats
Victory
Defeat
🇪🇸 Britons · Spain
1001
+45
🇹🇼 Mongols · Taiwan
994
-16
中國人來一隊
10:02 Feudal Age
11:15 Loom
11:26 Double-Bit Axe
16:14 Castle Age
29:17 Imperial Age
Miguelastico93
3:05 Loom
10:56 Feudal Age
16:16 Castle Age
14:45 Double-Bit Axe
15:12 Fletching
16:01 Horse Collar
20:49 Gambesons
21:13 Pikeman
22:39 Heavy Plow
23:13 Elite Skirmisher
25:12 Padded Archer Armor
25:09 Crossbowman
26:01 Gold Mining
27:07 Bodkin Arrow
29:46 Bow Saw
Connection lost

Rejoining the realm…

Still unreachable

The connection could not be restored.

Session expired

The server has moved on; the page needs a fresh start.